 Dungeon Crawl Stone Soup version 0.19-a0-1682-g5114f93 (webtiles) character file.

289 st0uf the Skirmisher (level 6, -1/48 HPs)
             Began as a Demonspawn Chaos Knight on Sept 24, 2016.
             Slain by an iguana (7 damage)
             ... on level 4 of the Dungeon.
             The game lasted 00:07:08 (2167 turns).

st0uf the Skirmisher (Demonspawn Chaos Knight)      Turns: 2167, Time: 00:07:09

Health: -1/48      AC:  7    Str: 15    XL:     6   Next: 9%
Magic:  15/15      EV: 12    Int: 13    God:    Xom [..*...]
Gold:   103        SH:  0    Dex: 12    Spells: 0 memorised, 5 levels left

rFire  . . .     SeeInvis .     a - +0 hand axe (chaos)
rCold  . . .     Gourm    .     b - +2 leather armour
rNeg   . . .     Faith    .     (no shield)
rPois  .         Spirit   .     (helmet restricted)
rElec  .         Dismiss  .     n - +0 cloak
rCorr  .         Reflect  .     (no gloves)
MR     .....     Harm     .     (no boots)
Stlth  +.........               (no amulet)
                                (no ring)
                                m - ring of magical power

@: no status effects
A: horns 1, demonic guardian 1
a: Renounce Religion


You were on level 4 of the Dungeon.
You worshipped Xom.
You were a toy of Xom.
You were not hungry.

You visited 1 branch of the dungeon, and saw 4 of its levels.

You collected 103 gold pieces.

Inventory:

Hand Weapons
 a - a +0 hand axe of chaos (weapon)
Armour
 b - a +2 leather armour (worn)
 n - a +0 cloak (worn)
Jewellery
 m - a ring of magical power (left hand)
Scrolls
 d - 5 scrolls of identify {unknown}
 e - 4 scrolls of remove curse {unknown}
 f - a scroll of magic mapping {unknown}
 h - 3 scrolls of teleportation {unknown}
 j - a scroll of immolation {unknown}
 l - a scroll of blinking {unknown}
 o - 2 scrolls of random uselessness {unknown}
 p - a scroll of amnesia {unknown}
 t - a scroll of enchant weapon {unknown}
Potions
 i - a potion of lignification {unknown}
 k - a potion of resistance {unknown}
 q - a potion of curing {unknown}
 r - 2 potions of flight {unknown}
Comestibles
 c - 4 bread rations
 g - a meat ration
 s - 3 chunks of flesh


   Skills:
 + Level 4.2 Fighting
 + Level 3.8 Axes
 + Level 3.3 Armour
 + Level 2.6 Dodging


You had 5 spell levels left.
You didn't know any spells.

Dungeon Overview and Level Annotations

Branches:
Dungeon (3/15)

Altars:
Uskayaw


Innate Abilities, Weirdness & Mutations

You have a pair of small horns on your head.
A weak demonic guardian rushes to your aid.


Message History

There is an open door here.
You see here a scroll labeled JYHYGA XIT ANE.
t - a scroll labeled JYHYGA XIT ANE Something bites you but does no damage.
You open the door. Something bites you!
* * * LOW HITPOINT WARNING * * *
Found a trident and 16 stones.
There is an open door here.
Something is blocking the doorway!
Something barely misses you.
You miss something. Something bites you.
* * * LOW HITPOINT WARNING * * *
You hit something. Your headbutt misses something.
Something bites you but does no damage.
You barely miss something. Something bites you but does no damage.
You closely miss something. Something bites you.
* * * LOW HITPOINT WARNING * * *
You hit something. You freeze something. You headbutt something.
Something bites you!
You die...
Xom yawns loudly!

.# ∆ .# ............... .# ....#
........#...... .#.....#
........#......
.#.....#,...............
.+.....+.......(......#
.#.....#.......)......#
....................#
......####...#..@#
).)...#..#...###'##
.†[)..#.(#._......# ....
......#.(#........# ...
..)...####........# .. ...#####
....?.......'###.## ...#........
.................# .....#.#......
...........########..##...#......
..#..............................


There were no monsters in sight!

Vanquished Creatures
  The ghost of st0uf the Skirmisher, an amateur DsFi (D:4)
  An orc wizard (D:4)
  4 adders
  An ooze (D:2)
  An adder zombie (D:1)
  A worm (D:3)
  4 dart slugs
  2 leopard geckos
  3 orcs (D:4)
  4 bats
  A giant cockroach (D:1)
  6 goblins
  8 hobgoblins
  2 jackals (D:3)
  6 kobolds
  2 quokkas
  2 ball pythons
  2 frilled lizards
  A quokka zombie (D:1)
  4 rats
56 creatures vanquished.

Vanquished Creatures (collateral kills)
  An orc priest (D:4)
  A frilled lizard (D:4)
2 creatures vanquished.

Grand Total: 58 creatures vanquished

Notes
Turn   | Place    | Note
-------+----------+-------------------------------------------
     0 | D:1      | st0uf the Demonspawn Chaos Knight began the quest for the Orb.
     0 | D:1      | Reached XP level 1. HP: 18/18 MP: 1/1
    74 | D:1      | Reached skill level 1 in Dodging
   122 | D:1      | Gained mutation: A weak demonic guardian rushes to your aid. [demonic ancestry]
   122 | D:1      | Reached XP level 2. HP: 23/24 MP: 2/2
   134 | D:1      | XOM: harmless Tmut miscast
   300 | D:1      | XOM: harmless Tloc miscast
   460 | D:2      | Gained mutation: You have a pair of small horns on your head. [demonic ancestry]
   460 | D:2      | Reached XP level 3. HP: 29/29 MP: 3/3
   786 | D:2      | XOM: divination: detect creatures
  1340 | D:3      | Reached XP level 4. HP: 32/35 MP: 4/4
  1388 | D:3      | XOM: divination: detect items
  1659 | D:3      | XOM: harmless Air miscast
  2007 | D:3      | You fall through a shaft!
  2067 | D:4      | Noticed st0uf's ghost (amateur DsFi)
  2079 | D:4      | XOM: divination: magic mapping
  2082 | D:4      | Noticed a hand axe
  2083 | D:4      | XOM: divination: detect items
  2089 | D:4      | XOM: noise
  2090 | D:4      | XOM: cast spell 'Spider Form'
  2093 | D:4      | Noticed a hand axe
  2102 | D:4      | XOM: cast spell 'Ring of Flames'
  2103 | D:4      | Killed st0uf's ghost
  2103 | D:4      | Reached skill level 4 in Fighting
  2103 | D:4      | Reached XP level 5. HP: 19/42 MP: 5/5
  2103 | D:4      | Reached XP level 6. HP: 22/48 MP: 6/6
  2147 | D:4      | Found a hide-covered altar of Uskayaw.
  2167 | D:4      | Slain by an iguana

Vault maps used:
D:1:      saegor_arrival_fortress, moated_statue
D:3:      grunt_temple_overflow_open, grunt_ministairs_9
D:4:      dancing_weapons_uskayaw, nicolae_overflow_quartered_altars,
          lemuel_doored_altar, first_bread

Skill      XL: |  1  2  3  4 |
---------------+-------------+-----
Dodging        | 1 2 |  2.6
Armour         | 2 3 |  3.3
Axes           | 3 |  3.8
Fighting       | 4 |  4.2

Action                   |  1- 3 |  4- 6 || total
-------------------------+-------+-------++-------
Melee: Hand axe          |    99 |    61 ||   160
       Headbutt          |     5 |     5 ||    10
       Unarmed           |       |     7 ||     7
  Eat: Chunk             |     1 |     3 ||     4
Armor: Leather armour    |    33 |    21 ||    54
       Skin              |       |     3 ||     3
Dodge: Dodged            |    65 |    44 ||   109
